 Dungeon Crawl Stone Soup version 0.29.1-15-g9cfb28693d (webtiles) character file.

Game seed: 17106305771256474220

7007 Wiggles the Severer (level 10, -9/77 HPs)
             Began as a Minotaur Berserker on Mar 29, 2023.
             Was a High Priest of Trog.
             Mangled by a boulder beetle (14 damage)
             ... on level 9 of the Dungeon.
             The game lasted 00:15:28 (10097 turns).

Wiggles the Severer (Minotaur Berserker)           Turns: 10097, Time: 00:15:29

Health: -9/77      AC: 21    Str: 26    XL:     10   Next: 82%
Magic:  9/9        EV:  9    Int:  4    God:    Trog [*****.]
Gold:   158        SH:  0    Dex: 10    Spells: 9/9 levels left

rFire   . . .      SeeInvis .   D - +0 battleaxe
rCold   . . .      Faith    +   (shield currently unavailable)
rNeg    . . .      Spirit   .   m - +10 chain mail "Ivenevo" {rPois}
rPois   +          Reflect  .   (helmet restricted)
rElec   .          Harm     .   B - +2 cloak
rCorr   .          Rampage  +   (no gloves)
Will    .....                   h - +2 pair of boots {rampage}
Stlth   ..........              k - amulet of faith
HPRegen 0.22/turn               p - ring of flight
MPRegen 0.11/turn               (no ring)

@: corroded, flying
A: horns 2, retaliatory headbutt
a: Renounce Religion, Berserk, Trog's Hand, Brothers in Arms


You were on level 9 of the Dungeon.
You worshipped Trog.
Trog was extremely pleased with you.
You visited 1 branch of the dungeon, and saw 9 of its levels.

You collected 390 gold pieces.
You spent 232 gold pieces at shops.

Inventory:

Hand Weapons
 n - a +1 war axe
 D - a +0 battleaxe (weapon)
Missiles
 s - a throwing net (quivered)
Armour
 h - a +2 pair of boots of rampaging (worn)
 m - the +10 chain mail "Ivenevo" (worn) {rPois}
   (You found it on level 6 of the Dungeon)

   rPois:     It protects you from poison.
 B - a +2 cloak (worn)
Jewellery
 k - an amulet of faith (around neck)
 p - a ring of flight (left hand)
 v - a ring of protection from fire
Wands
 f - a wand of digging (7)
 r - a wand of iceblast (28)
 w - a wand of quicksilver (9)
 y - a wand of flame (18)
Scrolls
 i - a scroll of poison
 u - 2 scrolls of enchant weapon
 x - 2 scrolls of teleportation
 z - a scroll of magic mapping
 C - a scroll of immolation {unknown}
Potions
 a - a potion of haste
 b - a potion of might
 c - 4 potions of lignification
 e - a potion of berserk rage {unknown}
 g - a potion of curing
 j - 3 potions of brilliance
 l - a potion of degeneration {unknown}
 o - a potion of cancellation {unknown}
 q - 3 potions of magic {unknown}
 t - a potion of flight {unknown}
 A - a potion of resistance {unknown}


   Skills:
 - Level 3.6 Fighting
 + Level 19.1 Axes
 - Level 2.4 Armour
 - Level 2.1 Dodging
 - Level 2.3 Stealth


You had 9 spell levels left.
You didn't know any spells.
Your spell library was empty.

Dungeon Overview and Level Annotations

Branches:
Dungeon (9/15)             Temple (0/1) D:6
   Lair: D:8-11         Orc: D:9-12

Altars:
Ashenzari
Cheibriados
Makhleb
Nemelex Xobeh
Okawaru
Ru
Trog
The Shining One

Shops:
D:5 ?[[?   D:6 [   D:8 [

Annotations:
D:7 2 transporters, exclusion: ice statue, Ast3rio's ghost, novice MiBe


Innate Abilities, Weirdness & Mutations

You have a pair of horns on your head.
You reflexively headbutt those who attack you in melee.


Message History

You slash the boulder beetle! You headbutt the boulder beetle.
The boulder beetle is lightly wounded.
You slash the boulder beetle!
You headbutt the boulder beetle, but do no damage.
The boulder beetle is moderately wounded.
You barely miss the boulder beetle.
The boulder beetle is moderately wounded.
The boulder beetle bites you!!
You slash the boulder beetle!
The boulder beetle is severely wounded.
The boulder beetle bites you but does no damage.
You hit the boulder beetle. You headbutt the boulder beetle.
The boulder beetle is severely wounded.
The boulder beetle leaps!
The acid dragon spits acid at you. The splash of acid hits you.
You rampage towards the acid dragon!
You closely miss the acid dragon.
The acid dragon is moderately wounded.
You hit the acid dragon. Your headbutt misses the acid dragon.
The acid dragon is heavily wounded.
The acid dragon bites you but does no damage.
The acid dragon claws you but does no damage.
The boulder beetle curls into a ball and begins rolling!
You rampage towards the boulder beetle!
You hit the boulder beetle but do no damage.
You headbutt the boulder beetle.
The boulder beetle is severely wounded.
The boulder beetle closely misses you. You furiously retaliate!
You headbutt the boulder beetle.
The boulder beetle stops rolling and uncurls.
You hit the boulder beetle but do no damage.
The boulder beetle is severely wounded.
You slash the acid dragon!
The boulder beetle leaps!
The acid dragon spits acid at you. The splash of acid hits you!!
* * * LOW HITPOINT WARNING * * *
The acid corrodes you!
The boulder beetle leaps!
You rampage towards the boulder beetle!
The boulder beetle bites you!
You die...

....# ?. ....... .....###
..... ......#.## ..°
.........# #.# ..
........## ##(## #.#
######...######.D)#### #..#
......#...##).......!##...#
......#....####...####....#
......#..#..#.##@##.#.....#
......#..#.....#B[........#
......'..#....##.##.......#
#######..#<....###..#.#...#
.... ...+......#.....# .#
#### ....######.....###
...........#####
#...#######.# #...# #.#


You could see a boulder beetle and an acid dragon (catching breath).

Vanquished Creatures
  A tengu warrior (D:9)
  An ugly thing (D:9)
  Maurice (D:9)
  Maggie (D:8)
  Prince Ribbit (D:8)
  Sigmund (D:5)
  5 yaks
  A wyvern (D:7)
  Grum (D:8)
  Menkaure (D:5)
  Edmund (D:5)
  2 water moccasins
  A black bear (D:5)
  An ice beast (D:5)
  A sky beast (D:6)
  2 ogres
  4 wolves (D:8)
  5 centaurs
  A phantom (D:5)
  A kobold brigand (D:4)
  A bullfrog (D:8)
  A necrophage (D:7)
  2 scorpions
  4 howler monkeys
  3 jellies
  4 hounds
  A gnoll bouda (D:7)
  3 orc priests
  Crazy Yiuf (D:6)
  2 iguanas
  8 orc wizards
  3 gnolls (D:7)
  9 adders
  2 shadow imps
  2 white imps
  2 ufetubi
  2 worms
  4 dart slugs
  25 orcs
  5 bats
  6 endoplasms
  5 giant cockroaches
  5 goblins
  10 hobgoblins
  3 jackals (D:3)
  5 quokkas
  6 ball pythons
  5 frilled lizards
  8 kobolds
  7 rats
177 creatures vanquished.

Vanquished Creatures (collateral kills)
  A two-headed ogre (D:9)
  A cyclops (D:9)
  A yak (D:9)
3 creatures vanquished.

Vanquished Creatures (others)
  4 plants (D:7)
4 creatures vanquished.

Grand Total: 184 creatures vanquished

Notes
Turn   | Place    | Note
-------+----------+-------------------------------------------
     0 | D:1      | Wiggles the Minotaur Berserker began the quest for the Orb.
     0 | D:1      | Reached XP level 1. HP: 19/19 MP: 0/0
    60 | D:1      | Reached skill level 4 in Axes
   177 | D:1      | Reached XP level 2. HP: 26/26 MP: 1/1
   629 | D:1      | Reached ** piety under Trog
   851 | D:1      | Reached skill level 5 in Axes
   851 | D:1      | Reached XP level 3. HP: 30/31 MP: 2/2
   867 | D:1      | Found a faded altar of an unknown god.
  1036 | D:2      | Found a burning altar of Makhleb.
  1833 | D:2      | Reached XP level 4. HP: 39/39 MP: 3/3
  2179 | D:3      | Reached skill level 1 in Stealth
  2268 | D:3      | Reached skill level 6 in Axes
  2364 | D:3      | Found a sacrificial altar of Ru.
  2607 | D:3      | Reached XP level 5. HP: 45/45 MP: 4/4
  2774 | D:3      | Reached *** piety under Trog
  2781 | D:3      | Reached skill level 7 in Axes
  3521 | D:4      | Reached skill level 8 in Axes
  3521 | D:4      | Reached XP level 6. HP: 17/51 MP: 5/5
  4647 | D:5      | Entered Level 5 of the Dungeon
  4722 | D:5      | Noticed Menkaure
  4724 | D:5      | Noticed an ice beast
  4733 | D:5      | Killed an ice beast
  4737 | D:5      | Killed Menkaure
  4738 | D:5      | Reached skill level 9 in Axes
  4738 | D:5      | Reached XP level 7. HP: 15/57 MP: 6/6
  5151 | D:5      | Noticed Edmund
  5161 | D:5      | Killed Edmund
  5162 | D:5      | Reached skill level 10 in Axes
  5409 | D:5      | Reached skill level 11 in Axes
  5410 | D:5      | Reached **** piety under Trog
  5452 | D:5      | Reached XP level 8. HP: 8/64 MP: 7/7
  5862 | D:5      | Noticed Sigmund
  5868 | D:5      | Killed Sigmund
  5881 | D:5      | Reached skill level 12 in Axes
  6064 | D:5      | Found Bustrol's Magic Scroll Boutique.
  6064 | D:5      | Found Sexuuwn's Antique Armour Boutique.
  6066 | D:5      | Found Xeeskomi's Antique Armour Boutique.
  6066 | D:5      | Found Nufoc's Magic Scroll Boutique.
  6135 | D:5      | Bought a pair of embroidered boots for 232 gold pieces
  6588 | D:6      | Found a staircase to the Ecumenical Temple.
  6699 | D:6      | Found Aliuniv's Armour Shoppe.
  6742 | D:6      | Identified the +10 chain mail "Ivenevo" {rPois}
  6815 | D:6      | Found a runed translucent door.
  6816 | D:6      | Noticed Crazy Yiuf
  6821 | D:6      | Killed Crazy Yiuf
  7007 | D:6      | Found a snail-covered altar of Cheibriados.
  7056 | D:6      | Reached skill level 13 in Axes
  7674 | D:7      | Found a transporter.
  7676 | D:7      | Noticed an ice statue
  7678 | D:7      | Found a transporter.
  7685 | D:7      | Noticed a two-headed ogre
  7696 | D:7      | Found a glowing golden altar of the Shining One.
  7704 | D:7      | Found a bloodstained altar of Trog.
  7704 | D:7      | Found an iron altar of Okawaru.
  7728 | D:7      | Reached XP level 9. HP: 60/70 MP: 8/8
  7807 | D:7      | Reached skill level 14 in Axes
  7849 | D:7      | Reached skill level 15 in Axes
  8043 | D:7      | Noticed Ast3rio's ghost (novice MiBe)
  8107 | D:7      | Noticed a cyclops
  8123 | D:7      | Found a broken altar of Ashenzari.
  8621 | D:8      | Noticed Maggie
  8630 | D:8      | Killed Maggie
  8750 | D:8      | Reached skill level 16 in Axes
  8870 | D:8      | Noticed Prince Ribbit
  8888 | D:8      | Killed Prince Ribbit
  8892 | D:8      | Reached ***** piety under Trog
  8906 | D:8      | Reached XP level 10. HP: 71/77 MP: 9/9
  8992 | D:8      | Noticed Grum
  9007 | D:8      | Killed Grum
  9022 | D:8      | Reached skill level 17 in Axes
  9300 | D:8      | Found Puprix's Antique Armour Shop.
  9498 | D:8      | Found a sparkling altar of Nemelex Xobeh.
  9928 | D:9      | Noticed Maurice
  9969 | D:9      | Killed Maurice
 10019 | D:9      | Noticed a tengu warrior
 10020 | D:9      | Noticed a boulder beetle
 10020 | D:9      | Noticed a brown ugly thing
 10041 | D:9      | Killed a tengu warrior
 10042 | D:9      | Reached skill level 18 in Axes
 10049 | D:9      | Killed a brown ugly thing
 10065 | D:9      | Noticed a two-headed ogre
 10065 | D:9      | Noticed a cyclops
 10073 | D:9      | Killed a two-headed ogre
 10076 | D:9      | Killed a cyclops
 10077 | D:9      | Reached skill level 19 in Axes
 10097 | D:9      | Mangled by a boulder beetle

Illustrated notes

Levels and vault maps discovered:
D:1:      heliophobic_arrival_enchanted_forest, layout_basic,
          shapermc_ecumenical_altar_rom_forum, chequers_serial_rivers_large_b
D:2:      layout_basic, basic_altar
D:3:      layout_basic, nicolae_ru_great_annihilating_truth
D:4:      layout_loops_ring, hangedman_decor_points
D:5:      layout_basic, kennysheep_path_1, minmay_shop_grid_forest,
          uniq_sigmund, uniq_edmund, uniq_menkaure
D:6:      layout_loops_ring, old_standard_altar,
          minmay_temple_entry_statues_fountains, serial_shops, shop,
          minmay_misc_feat_chi, uniq_crazy_yiuf_cottage
D:7:      layout_gridville, ashenzari_conservatory_becter,
          gammafunk_temple_overflow_forgotten, nzn_ghost_randoct,
          serial_bayou_pond_c, st_stairs_4, minmay_misc_feat_hallway,
          amcnicky_mini_pool_small
D:8:      layout_basic, nemelex_spade_bored_becter, serial_shops, shop,
          minmay_fountain_box, uniq_prince_ribbit1, uniq_maggie, uniq_grum
D:9:      layout_irregular_city, minmay_fractal_squares_gapless_7, uniq_erolcha,
          uniq_maurice

Skill      XL: |  1  2  3  4  5  6  7  8  9 10 |
---------------+-------------------------------+-----
Axes           | 4 5 6 8 9 11 13 16 19 | 19.1
Stealth        | 1 2 |  2.3
Fighting       | |  3.6
Armour         | |  2.4
Dodging        | |  2.1

Action                   |  1- 3 |  4- 6 |  7- 9 | 10-12 || total
-------------------------+-------+-------+-------+-------++-------
Melee: Hand axe          |    83 |    46 |       |       ||   129
       Headbutt          |    16 |    18 |    36 |    20 ||    90
       War axe           |       |    86 |   206 |    86 ||   378
       Punch             |       |       |     3 |     2 ||     5
       Battleaxe         |       |       |       |    13 ||    13
Invok: Berserk           |       |     1 |     5 |     2 ||     8
       Brothers in Arms  |       |       |       |     1 ||     1
  Use: Scroll            |       |     9 |     6 |     2 ||    17
       Potion            |       |       |     2 |     2 ||     4
 Stab: Sleeping          |     2 |       |       |       ||     2
Armor: Animal skin       |     4 |       |       |       ||     4
       Scale mail        |    17 |    56 |    10 |       ||    83
       Ring mail         |     6 |       |       |       ||     6
       Chain mail        |       |       |   105 |    50 ||   155
Dodge: Dodged            |    57 |    62 |    80 |    26 ||   225
